 Dungeon Crawl Stone Soup version 0.22.1-2-g9c5b331383 (webtiles) character file.

61 Adamkad1 the Charmwright (level 4, -3/29 HPs)
             Began as a Halfling Skald on Dec 19, 2018.
             Slain by Robin
             ... wielding a +0 spear
              (5 damage)
             ... on level 2 of the Dungeon.
             The game lasted 00:03:11 (1982 turns).

Adamkad1 the Charmwright (Halfling Skald)           Turns: 1982, Time: 00:03:12

Health: -3/29      AC:  3    Str: 12    XL:     4   Next: 27%
Magic:  4/6        EV: 15    Int: 11    God:
Gold:   47         SH:  0    Dex: 14    Spells: 1/6 levels left

rFire    . . .     SeeInvis .   a - +0 falchion
rCold    . . .     Gourm    .   (shield restricted)
rNeg     . . .     Faith    .   b - +0 leather armour
rPois    .         Spirit   .   (no helmet)
rElec    .         Reflect  .   (no cloak)
rCorr    .         Harm     .   (no gloves)
MR       .....                  (no boots)
Stlth    +.........             (no amulet)
HPRegen  0.09/turn              (no ring)
MPRegen  0.10/turn              (no ring)

@: no status effects
A: small, mutation resistance 1
a: no special abilities


You were on level 2 of the Dungeon.
You were hungry.

You visited 1 branch of the dungeon, and saw 2 of its levels.

You collected 47 gold pieces.

Inventory:

Hand Weapons
 a - a +0 falchion (weapon)
 n - a +0 hunting sling
Armour
 b - a +0 leather armour (worn)
Jewellery
 h - a +4 amulet of reflection {unknown}
Scrolls
 e - a scroll of blinking {unknown}
 i - a scroll of noise {unknown}
 l - a scroll of teleportation {unknown}
 o - a scroll of fog {unknown}
 p - a scroll of immolation {unknown}
 q - a scroll of remove curse {unknown}
Potions
 c - a potion of flight {unknown}
 f - 2 potions of brilliance {unknown}
 g - 3 potions of ambrosia {unknown}
 j - a potion of lignification {unknown}
 m - a potion of invisibility {unknown}
Comestibles
 d - 5 rations
 k - 3 chunks of flesh


   Skills:
 * Level 2.2 Fighting
 * Level 2.4 Long Blades
 + Level 1.7 Armour
 * Level 2.8 Dodging
 + Level 1.7 Spellcasting
 * Level 3.8 Charms


You had one spell level left.
You knew the following spells:

 Your Spells              Type           Power        Failure   Level  Hunger
a - Infusion              Chrm           #...         8%          1    ##.....
b - Shroud of Golubria    Chrm/Tloc      #.........   26%         2    ###....
c - Song of Slaying       Chrm           #.......     12%         2    ###....

Your spell library contained the following spells:

 Spells                   Type           Power        Failure   Level  Hunger
 Regeneration             Chrm/Necr      #.........   45%         3    ####...
 Spectral Weapon          Hex/Chrm       #.......     45%         3    ####...


Dungeon Overview and Level Annotations

Branches:
Dungeon (2/15)

Altars:

Annotations:
D:2 Robin


Innate Abilities, Weirdness & Mutations

You are small and have problems with some larger weapons.
You are somewhat resistant to further mutation.


Message History

Things that are here:
a dagger; 6 gold pieces Your song is almost over.
The goblin no longer looks unusually strong.
Robin roars a battlecry!
The goblin goes into a battle-frenzy!
Robin throws the goblin at you! The goblin barely misses you.
You completely miss the goblin. The goblin completely misses you.
You riposte.
You closely miss the goblin. The goblin barely misses you.
You barely miss the goblin. The goblin closely misses you.
You riposte.
You hit the goblin.
The goblin is heavily wounded.
The goblin misses you.
You miss the goblin.
The goblin is heavily wounded.
Your song has ended.
The goblin closely misses you.
You riposte.
You closely miss the goblin.
The goblin is heavily wounded.
Robin hits you from afar with a spear.
You die...

#.####.#.#)....#######
#........).##### ######.#### ###
##..## ##.# ##### ##....# ##..#
#.).###..##.######## ...#
##<)................. #.###
...).>.######.##########..)#
.#.............g@gg..).)...###
##...############.########...####
#...# #..# #####..[... #...#
#####.####.....#%...
#############.......>..#####....
####..........###.###### ######.
##....########## #.## #####gg..g.
...#### #..###..gg.##### ####
##.....#####


You could see Robin and 2 goblins.

Vanquished Creatures
  An ooze (D:1)
  A dart slug (D:1)
  2 leopard geckos (D:2)
  A ball python (D:1)
  4 giant cockroaches
  11 goblins
  7 hobgoblins
  3 jackals (D:2)
  4 bats
  7 frilled lizards
  2 kobolds (D:1)
  5 rats
48 creatures vanquished.

Notes
Turn   | Place    | Note
-------+----------+-------------------------------------------
     0 | D:1      | Adamkad1 the Halfling Skald began the quest for the Orb.
     0 | D:1      | Reached XP level 1. HP: 14/14 MP: 3/3
   550 | D:1      | Reached XP level 2. HP: 16/19 MP: 4/4
   866 | D:1      | Reached XP level 3. HP: 16/24 MP: 0/5
  1376 | D:2      | Reached XP level 4. HP: 14/29 MP: 6/6
  1540 | D:2      | Noticed Robin
  1586 | D:1      | Learned a level 2 spell: Shroud of Golubria
  1589 | D:1      | Learned a level 2 spell: Song of Slaying
  1972 | D:2      | HP: 1/29 [Robin/goblin (3)]
  1982 | D:2      | Slain by Robin

Skill      XL: |  1  2 |
---------------+-------+-----
Fighting       | 2 |  2.2
Long Blades    | |  2.4
Armour         | |  1.7
Dodging        | |  2.8
Spellcasting   | |  1.7
Charms         | |  3.8

Action                   |  1- 3 |  4- 6 || total
-------------------------+-------+-------++-------
Melee: Falchion          |   123 |    31 ||   154
 Cast: Infusion          |     2 |     2 ||     4
       Shroud of Golubri |       |     4 ||     4
       Song of Slaying   |       |     3 ||     3
  Eat: Chunk             |     2 |     2 ||     4
Armor: Leather armour    |    25 |     8 ||    33
Dodge: Dodged            |   108 |    47 ||   155
       Rpst.: Falchion   |    34 |    20 ||    54
